 Dungeon Crawl Stone Soup version 0.31-a0-986-g5e6e4ef867 (webtiles) character file.

Game seed: 17498141780340521121

2 sammy202020 the Changeling (level 1, 0/15 HPs)
             Began as a Demonspawn Shapeshifter on Nov 17, 2023.
             Slain by a goblin
             ... wielding a +1 dagger of electrocution
              (12 damage)
             ... on level 1 of the Dungeon.
             The game lasted 00:00:15 (45 turns).

sammy202020 the Changeling (Demonspawn Shapeshifter)  Turns: 45, Time: 00:00:15

Health: 0/15       AC:  5    Str: 14    XL:     1   Next: 25%
Magic:  1/1        EV: 10    Int: 11    God:
Gold:   0          SH:  0    Dex: 12    Spells: 0/0 levels left

rFire   . .          .
                       - Unarmed
rCold   . . .        (no shield)
rNeg    . . .        e - +0 ring mail
rPois   .            (helmet currently unavailable)
rElec   .            (cloak currently unavailable)
rCorr   .            (gloves currently unavailable)
SInv    .            (boots currently unavailable)
Will    .....        (no amulet)
Stlth   +            (no ring)
HPRegen 0.22/turn    (no ring)
MPRegen 0.07/turn

%: no passive effects
@: beast-form
A: beast (slay +1)
a: Begin Untransformation


You were on level 1 of the Dungeon.
You were a hulking beast.
You visited 1 branch of the dungeon, and saw 1 of its levels.

Inventory:

Armour
 a - a +0 animal skin
 e - a +0 ring mail (worn)
Talismans
 c - a beast talisman
 d - a flux talisman
Potions
 b - a potion of lignification


   Skills:
 * Level 1.0 Fighting
 + Level 0.0 Armour
 + Level 1.8 Dodging
 * Level 2.7 Unarmed Combat
 * Level 2.7 Shapeshifting


You couldn't memorise any spells.
You didn't know any spells.
Your spell library was empty.

Dungeon Overview and Level Annotations

Branches:
Dungeon (1/15)

Altars:


Message History

Found two ring mails.
The kobold shouts!
You hit the kobold.
You kill the kobold!
You hit the rat.
You kill the rat!
No target in view!
No target in view!
No target in view!
No target in view!
No target in view!
No target in view!
No target in view!
No target in view!
No target in view!
No target in view!
No target in view!
No target in view!
Things that are here:
a +0 whip of venom; a kobold corpse
Found a stone staircase leading down.
You see here a +0 ring mail.
You see here a +0 ring mail.
e - a +0 ring mail You start removing your armour.
You continue taking off your +0 animal skin. x4
You finish taking off your +0 animal skin.
You start putting on your armour.
You continue putting on your +0 ring mail. x5
You finish putting on your +0 ring mail.
A goblin comes into view.
It is wielding a +1 dagger of electrocution.
The goblin shouts!
The goblin moves out of view.
There is a stone staircase leading down here.
A goblin is nearby!
There is a stone staircase leading down here.
The goblin hits you with a +1 dagger of electrocution.
You are electrocuted!
Ouch! That really hurt!
You die...

#.... #. ...... ###.
...... ....
###..##..####### #..#
..........>.....
#...###.... ##........
#........####.........
#................)....
##....h>######......†..
......g.....# #.........
###...#####.###..##.###.
#... #.....####.## #..
#....##♣♣#♣.# #^.
##..##♣..♣.♣# ##
#..#♣<...♣# #..##♣♣#♣.#
#... .#


You could see a goblin.

Vanquished Creatures
  A kobold (D:1)
  A rat (D:1)
2 creatures vanquished.

Notes
Turn   | Place    | Note
-------+----------+-------------------------------------------
     0 | D:1      | sammy202020 the Demonspawn Shapeshifter began the quest for
                  | the Orb.
     0 | D:1      | Reached XP level 1. HP: 15/15 MP: 1/1
    45 | D:1      | Slain by a goblin

Illustrated notes

Levels and vault maps discovered:
D:1:      pf_arrival_petrified_forest, layout_rooms, serial_bayou_crossing

Action                     || total
---------------------------++-------
  Melee: Unarmed           ||     2
 Armour: Ring mail         ||     1

Table legend: (Time is in decaauts)
 A = Elapsed time spent in this place.
 B = Non-inter-level travel time spent in this place.
 C = Inter-level travel time spent in this place.
 D = Time resting spent in this place.
 E = Time spent auto-exploring this place.
 F = Levels seen in this place.
 G = Mean time per level.
                   A        B        C        D        E       F      G
               +--------+--------+--------+--------+--------+-----+--------+
         Total |     44 |     44 |      0 |      0 |     13 |   1 |   44.0 |
       Dungeon |     44 |     44 |      0 |      0 |     13 |   1 |   44.0 |
               +--------+--------+--------+--------+--------+-----+--------+

Top non-repeatable levels by time:
     D:1: 44 daAuts
